 Dungeon Crawl Stone Soup version 0.31.0-32-g396128a36d (webtiles) character file.

Game seed: 14281142286097892320

9793 spaghetti the Covert (level 11, -9/95 HPs)
             Began as a Naga Chaos Knight on Mar 22, 2024.
             Was a Plaything of Xom.
             Mangled by Snorg (21 damage)
             ... on level 10 of the Dungeon.
             The game lasted 00:12:16 (10398 turns).

spaghetti the Covert (Naga Chaos Knight)           Turns: 10398, Time: 00:12:17

Health: -9/95      AC: 23    Str: 13    XL:     11   Next: 52%
Magic:  8/8        EV: 11    Int: 10    God:    Xom [.....*]
Gold:   671        SH:  0    Dex: 22    Spells: 10/10 levels left

rFire   x . .        E - +9 short sword (vamp)
rCold   + + .        (no shield)
rNeg    + . .        i - +2 scale mail {rC+}
rPois   +            r - +0 helmet
rElec   .            u - +2 ratskin cloak {*Rats rPois rN+ Str-1 Int-1 Dex+1}
rCorr   .            (no gloves)
SInv    +            (no barding)
Will    +....        (no amulet)
Stlth   +++++        f - ring of wizardry
HPRegen 0.35/turn    y - +4 ring of protection
MPRegen 0.11/turn

%: wizardry (x1)
@: very slow
A: AC +3, large, see invisible, deformed body, poison resistance, slowness 2,
spit poison 1, naga tail 1, iridescent scales 2, thin skeletal structure 1,
agile 1, cold resistance 1, frail 1, low MP 2, passive freeze, heat
vulnerability 1
a: Spit Poison, Renounce Religion


You were on level 10 of the Dungeon.
You worshipped Xom.
You were Xom's teddy bear.
You visited 1 branch of the dungeon, and saw 10 of its levels.
You also visited: Sewer.

You collected 671 gold pieces.

Inventory:

Hand Weapons
 a - a +1 mace of chaos
 q - a +2 dagger of venom
 E - a +9 vampiric short sword (weapon)
 F - a -1 demon whip of venom
Armour
 b - a +2 leather armour
 i - a +2 scale mail of cold resistance (worn)
 n - a scarf of invisibility
 r - a +0 helmet (worn)
 u - the +2 ratskin cloak (worn) {*Rats rPois rN+ Str-1 Int-1 Dex+1}
   (You found it on level 5 of the Dungeon)

   *Rats:     When the wearer is hurt, rats may emerge from it to assist them.
   Str-1:     It affects your strength (-1).
   Int-1:     It affects your intelligence (-1).
   Dex+1:     It affects your dexterity (+1).
   rPois:     It protects you from poison rN+: It protects you from negative
   energy.
 z - the +2 cloak of Undesirable Species {Int+3}
   (You found it on level 8 of the Dungeon)

   Int+3:     It affects your intelligence (+3).
Jewellery
 e - a ring of willpower
 f - a ring of wizardry (left hand)
 m - a ring of resist corrosion
 y - a +4 ring of protection (right hand)
 A - a ring of ice
Wands
 j - a wand of mindburst (5)
 C - a wand of paralysis (20)
Scrolls
 d - a scroll of silence
 g - 3 scrolls of amnesia
 h - 2 scrolls of poison
 k - 5 scrolls of fog
 l - a scroll of revelation
 o - 2 scrolls of vulnerability
 w - a scroll of enchant armour
 x - 2 scrolls of identify
 B - a scroll of immolation
 G - a scroll of brand weapon
Potions
 c - a potion of lignification
 s - a potion of magic
 t - a potion of brilliance
 v - a potion of attraction
 D - a potion of mutation


   Skills:
 + Level 9.0 Fighting
 - Level 3.0 Maces & Flails
 + Level 7.2 Armour
 + Level 6.9 Dodging
 + Level 12.1 Stealth
 + Level 6.8 Evocations


You had 10 spell levels left.
You didn't know any spells.
Your spell library contained the following spells:

 Spells                   Type           Power      Damage    Failure   Level
 Freeze                   Ice            0%         1d3       47%         1
 Kiss of Death            Conj/Necr      0%         2d5       47%         1
 Ensorcelled Hibernation  Hex/Ice        0%         N/A       61%         2
 Confusing Touch          Hex            0%         N/A       83%         3
 Frozen Ramparts          Ice            0%         1d1       83%         3
 Hailstorm                Conj/Ice       0%         3d5       83%         3
 Passwall                 Erth           0%         N/A       83%         3
 Swiftness                Air            0%         N/A       83%         3
 Dispel Undead            Necr           0%         3d6       99%         4


Dungeon Overview and Level Annotations

Branches:
Dungeon (10/15)            Temple (0/1) D:5             Orc (0/2) D:9
  Sewer (visited)
   Lair: D:8-11

Altars:
Ashenzari
Cheibriados
Dithmenos
Elyvilon
Fedhas
Hepliaklqana
Kikubaaqudgha
Nemelex Xobeh
Okawaru
Sif Muna
Uskayaw
Vehumet
Wu Jian
Xom
Zin
The Shining One

Shops:
D:2 :=(   D:7 (

Portals:
Bailey: D:8

Annotations:
D:6 exclusion: door
D:7 exclusion: dart slug
D:8 3 runed translucent doors, Valrug's ghost, novice GrEE
D:9 3 runed translucent doors
D:10 Snorg


Innate Abilities, Weirdness & Mutations

Your serpentine skin is tough. (AC +3)
You have supernaturally acute eyesight. (SInv)
Armour fits poorly on your strangely shaped body.
Your system is resistant to poisons. (rPois)
You cover ground very slowly.
You can spit poison.
You have a snake-like lower body.
You are mostly covered in iridescent scales. (AC +4)
You have a somewhat thin skeletal structure. (Dex +2, Stealth+)
You are agile. (Dex +4, Str/Int -1)
Your flesh is cold resistant. (rC+)
You are frail. (-10% HP)
Your magical capacity is very low. (-20% MP)
A frigid envelope surrounds you and freezes all who hurt you.
You are vulnerable to heat. (rF-)


Message History

A killer bee comes into view.
Snorg bites your hell rat!!
Your hell rat dies!
Snorg barely misses you. x3
Okay, then.
Okay, then.
You feel much better.
The howler monkey hoots and howls with incredible vigour!
Snorg bites you but does no damage.
Snorg is very cold.
Snorg is heavily wounded.
Snorg claws you.
* * * LOW HITPOINT WARNING * * *
Snorg barely misses you. Snorg completely misses you.
Snorg claws you but does no damage. Snorg closely misses you.
You barely miss Snorg.
Snorg is heavily wounded.
You feel yourself speed up. Snorg bites you!
* * * LOW HITPOINT WARNING * * *
Snorg is very cold.
Snorg is heavily wounded.
Snorg claws you.
* * * LOW HITPOINT WARNING * * *
Snorg is very cold.
Snorg is heavily wounded.
Snorg claws you but does no damage.
Snorg is very cold.
Snorg is heavily wounded.
Snorg bites you but does no damage.
Snorg is very cold.
Snorg is severely wounded.
Snorg claws you.
* * * LOW HITPOINT WARNING * * *
Snorg is very cold.
Snorg is severely wounded.
Snorg claws you but does no damage.
Snorg is very cold.
Snorg is severely wounded.
You puncture Snorg!
You feel better.
Snorg is severely wounded.
Snorg bites you!!
You die...
Xom chuckles heartily!

#.# #.# #.# #.. #.# #.#
#.# #.# #.# #.#
#####.#####.#
.<..........# .
####.######.########.$..
#.# #yyhyT@....... #.#
#.########.... #.# #.# .
#.# #.# #.# #.# #.# #.#
#.# #.# #.#


You could see Snorg (berserk), a howler monkey (catching breath) and 3 killer
bees.

Vanquished Creatures
  A two-headed ogre (D:8)
  Amaemon (D:9)
  Maurice (D:8)
  A cane toad (shapeshifter) (D:9)
  An orange demon (D:9)
  Grinder (D:4)
  A hornet (D:9)
  Sigmund (D:4)
  2 shadows
  5 wyverns
  4 yaks (D:8)
  3 steam dragons
  2 wraiths (D:10)
  An acid dragon (D:9)
  3 water moccasins
  3 ice beasts
  3 orc warriors
  An ogre (D:4)
  2 centaurs (D:6)
  A phantom (D:5)
  2 kobold brigands (D:9)
  Blork the orc (D:4)
  6 bullfrogs
  3 scorpions
  12 wights
  20 killer bees
  3 howler monkeys
  3 electric eels (D:6)
  2 bombardier beetles (D:5)
  5 orc priests
  A jelly (D:7)
  3 hounds
  Ijyb (D:3)
  3 hell rats (D:5)
  A sleepcap (D:6)
  2 iguanas
  6 orc wizards
  8 adders
  20 river rats (D:5)
  A shadow imp (D:8)
  6 white imps
  14 dart slugs
  2 ribbon worms
  32 orcs
  14 ball pythons
  7 bats
  12 endoplasms
  14 giant cockroaches
  8 hobgoblins
  5 quokkas
  8 frilled lizards
  3 goblins
  7 kobolds
  6 rats
279 creatures vanquished.

Vanquished Creatures (collateral kills)
  2 wights
2 creatures vanquished.

Vanquished Creatures (others)
  A dancing weapon (D:9)
1 creature vanquished.

Grand Total: 282 creatures vanquished

Notes
Turn   | Place    | Note
-------+----------+-------------------------------------------
     0 | D:1      | spaghetti the Naga Chaos Knight began the quest for the
                  | Orb.
     0 | D:1      | Reached XP level 1. HP: 21/21 MP: 1/1
   122 | D:1      | Reached skill level 1 in Dodging
   184 | D:1      | Reached XP level 2. HP: 28/28 MP: 2/2
   273 | D:1      | XOM: 1-stop teleportation journey
   749 | D:1      | XOM: divination: detect items
   861 | D:2      | Reached XP level 3. HP: 30/34 MP: 3/3
   889 | D:2      | Found Huoj's Book Emporium.
  1098 | D:2      | XOM: silly message
  1244 | D:2      | Found Ytedd's Jewellery Shoppe.
  1273 | D:2      | Found Darph's Weapon Shoppe.
  1435 | D:2      | Reached XP level 4. HP: 44/44 MP: 4/4
  1753 | D:3      | Found a faded altar of an unknown god.
  1899 | D:3      | Noticed Ijyb
  1905 | D:3      | Gained mutation: You possess an exceptional clarity of
                  | mind. [potion of mutation]
  1905 | D:3      | Gained mutation: You occasionally shout uncontrollably at
                  | your foes. [potion of mutation]
  1910 | D:3      | Killed Ijyb
  1915 | D:3      | Lost mutation: You possess an exceptional clarity of mind.
                  | [potion of mutation]
  1915 | D:3      | Lost mutation: You occasionally shout uncontrollably at
                  | your foes. [potion of mutation]
  1915 | D:3      | Gained mutation: You passively dampen the noise of your
                  | surroundings. [potion of mutation]
  1915 | D:3      | Gained mutation: You are partially covered in iridescent
                  | scales. (AC +2) [potion of mutation]
  1915 | D:3      | Gained mutation: Your skin changes colour to match your
                  | surroundings (Stealth+). [potion of mutation]
  2071 | D:3      | XOM: silly message
  2237 | D:4      | Noticed Sigmund
  2250 | D:4      | Killed Sigmund
  2251 | D:4      | Reached skill level 2 in Stealth
  2251 | D:4      | Reached XP level 5. HP: 47/51 MP: 5/5
  2251 | D:4      | Reached XP level 6. HP: 53/58 MP: 6/6
  2315 | D:4      | Found an ornate altar of the Wu Jian Council.
  2346 | D:4      | XOM: 5-stop teleportation journey
  2364 | D:4      | XOM: give mutations
  2364 | D:4      | Lost mutation: Your skin changes colour to match your
                  | surroundings (Stealth+). [Xom's mischief]
  2364 | D:4      | Gained mutation: Your magical capacity is low. (-10% MP)
                  | [Xom's mischief]
  2364 | D:4      | Gained mutation: Your magical capacity is very low. (-20%
                  | MP) [Xom's mischief]
  2364 | D:4      | Gained mutation: You are mostly covered in iridescent
                  | scales. (AC +4) [Xom's mischief]
  2408 | D:4      | XOM: give mutations
  2408 | D:4      | Gained mutation: You are vulnerable to heat. (rF-) [Xom's
                  | mischief]
  2408 | D:4      | Gained mutation: A frigid envelope surrounds you and
                  | freezes all who hurt you. [Xom's mischief]
  2476 | D:4      | Noticed Grinder
  2484 | D:4      | Reached skill level 3 in Stealth
  2486 | D:4      | Paralysed by Grinder for 3 turns
  2499 | D:4      | Killed Grinder
  2500 | D:4      | Reached skill level 4 in Stealth
  2500 | D:4      | Reached XP level 7. HP: 41/66 MP: 5/5
  2551 | D:4      | Reached skill level 5 in Fighting
  2590 | D:4      | Noticed Blork the orc
  2590 | D:4      | XOM: 5-stop teleportation journey
  2592 | D:4      | XOM: blink monster(s)
  2601 | D:4      | Killed Blork the orc
  2602 | D:4      | Reached skill level 5 in Stealth
  2661 | D:4      | XOM: summons 1 hostile shadow creature
  2718 | D:4      | Noticed Eustachio
  2727 | D:4      | XOM: noise
  2730 | D:4      | Eustachio changed into Eustachio the ice beast
  2730 | D:4      | Noticed Eustachio
  2730 | D:4      | XOM: polymorph Eustachio -> Eustachio the ice beast
  2746 | D:4      | Killed Eustachio the ice beast
  2747 | D:4      | Reached XP level 8. HP: 50/75 MP: 6/6
  3144 | D:5      | Entered Level 5 of the Dungeon
  3415 | D:5      | Reached skill level 6 in Stealth
  3432 | D:5      | XOM: 2-stop teleportation journey
  3469 | D:5      | Reached skill level 1 in Evocations
  3484 | D:5      | Found a glowing drain.
  3541 | Sewer    | Entered a sewer
  3949 | D:5      | XOM: enchant monster (bad)
  3986 | D:5      | XOM: give mutations
  3986 | D:5      | Lost mutation: You passively dampen the noise of your
                  | surroundings. [Xom's mischief]
  3986 | D:5      | Gained mutation: You have a somewhat thin skeletal
                  | structure. (Dex +2, Stealth+) [Xom's mischief]
  3986 | D:5      | Lost mutation: You are vulnerable to heat. (rF-) [Xom's
                  | mischief]
  3986 | D:5      | Gained mutation: You are vulnerable to heat. (rF-) [Xom's
                  | mischief]
  3992 | D:5      | XOM: silly message
  4012 | D:5      | Reached skill level 7 in Stealth
  4211 | D:5      | Found the +2 ratskin cloak {*Rats rPois rN+ Str-1 Int-1
                  | Dex+1}
  4286 | D:5      | Reached XP level 9. HP: 77/80 MP: 7/7
  4313 | D:5      | XOM: 5-stop teleportation journey
  4458 | D:5      | XOM: noise
  4507 | D:5      | XOM: polymorph iguana -> bat
  4794 | D:5      | Reached skill level 5 in Armour
  5143 | D:5      | Found a staircase to the Ecumenical Temple.
  5217 | D:5      | XOM: give mutation
  5217 | D:5      | Gained mutation: You are strong-willed. (Will+) [Xom's
                  | mischief]
  5220 | D:5      | XOM: confusion (+ monsters)
  5235 | D:5      | XOM: give mutation
  5235 | D:5      | Gained mutation: Your muscles are strong. (Str +4, Int/Dex
                  | -1) [Xom's grace]
  5519 | D:6      | Reached skill level 8 in Stealth
  5652 | D:6      | XOM: confusion (+ monsters)
  5917 | D:6      | Reached skill level 5 in Dodging
  6177 | D:6      | Found a blossoming altar of Fedhas.
  6337 | D:6      | XOM: summons 4 hostile shadow creatures
  6340 | D:6      | XOM: smoke on damage
  6365 | D:6      | XOM: stat loss: -1 Str (17/18)
  6777 | D:7      | XOM: enchant monster (bad)
  6781 | D:7      | Reached skill level 9 in Stealth
  6790 | D:7      | Found a snail-covered altar of Cheibriados.
  6839 | D:7      | Reached XP level 10. HP: 89/94 MP: 8/8
  7004 | D:7      | XOM: noise
  7429 | D:7      | Found Elatuj's Weapon Shop.
  7557 | D:7      | XOM: stat loss: -1 Int (9/10)
  7834 | D:8      | Found a flagged portal.
  7838 | D:8      | XOM: summons 4 hostile demons
  7839 | D:8      | XOM: repel stairs
  7851 | D:8      | Reached skill level 5 in Evocations
  7852 | D:8      | XOM: confusion
  7853 | D:8      | Reached skill level 10 in Stealth
  7856 | D:8      | HP: 4/96 [yak (9)]
  7864 | D:8      | HP: 3/96 [white imp/puff of frost[Xom] (4)]
  7865 | D:8      | XOM: polymorph river rat -> giant cockroach
  8185 | D:8      | Found a runed translucent gate.
  8185 | D:8      | Noticed Valrug's ghost (novice GrEE)
  8186 | D:8      | Found a runed translucent gate.
  8187 | D:8      | Found a runed translucent gate.
  8206 | D:8      | Noticed a two-headed ogre
  8207 | D:8      | XOM: chaos upgrade
  8218 | D:8      | Killed a two-headed ogre
  8222 | D:8      | XOM: summons 2 hostile shadow creatures
  8264 | D:8      | XOM: scenery: summon butterflies
  8375 | D:8      | XOM: summons 3 friendly demons
  8946 | D:8      | Found a hide-covered altar of Uskayaw.
  8949 | D:8      | Found a shadowy altar of Dithmenos.
  8953 | D:8      | Found an ancient bone altar of Kikubaaqudgha.
  8953 | D:8      | Noticed Maurice
  8955 | D:8      | Found a broken altar of Ashenzari.
  8955 | D:8      | Found a shimmering blue altar of Sif Muna.
  8955 | D:8      | Found a hazy altar of Hepliaklqana.
  8956 | D:8      | Found an iron altar of Okawaru.
  8958 | D:8      | Found a shimmering altar of Xom.
  8961 | D:8      | Maurice stole a ring of ice
  8962 | D:8      | Killed Maurice
  8963 | D:8      | Reached skill level 11 in Stealth
  8963 | D:8      | Found a radiant altar of Vehumet.
  9049 | D:8      | Identified the +2 cloak of Undesirable Species {Int+3}
  9088 | D:8      | Found a glowing golden altar of the Shining One.
  9088 | D:8      | Found a glowing silver altar of Zin.
  9088 | D:8      | Found a white marble altar of Elyvilon.
  9249 | D:9      | Noticed a cane toad
  9256 | D:9      | Killed a cane toad
  9257 | D:9      | Reached XP level 11. HP: 104/104 MP: 8/8
  9274 | D:9      | Noticed Amaemon
  9285 | D:9      | Killed Amaemon
  9411 | D:9      | XOM: summons friendly iron imp
  9442 | D:9      | Found a sparkling altar of Nemelex Xobeh.
  9578 | D:9      | XOM: 6-stop teleportation journey
  9715 | D:9      | Found a staircase to the Orcish Mines.
  9745 | D:9      | XOM: silly message
  9761 | D:9      | XOM: give mutations
  9761 | D:9      | Lost mutation: You are strong-willed. (Will+) [Xom's
                  | mischief]
  9761 | D:9      | Gained mutation: You do not regenerate when monsters are
                  | visible. [Xom's mischief]
  9761 | D:9      | Gained mutation: You are agile. (Dex +4, Str/Int -1) [Xom's
                  | mischief]
  9874 | D:9      | XOM: give mutations
  9874 | D:9      | Lost mutation: Your muscles are strong. (Str +4, Int/Dex
                  | -1) [Xom's mischief]
  9874 | D:9      | Gained mutation: You are frail. (-10% HP) [Xom's mischief]
  9874 | D:9      | Lost mutation: You do not regenerate when monsters are
                  | visible. [Xom's mischief]
  9874 | D:9      | Gained mutation: Your flesh is cold resistant. (rC+) [Xom's
                  | mischief]
  9936 | D:9      | Found a runed translucent door.
  9936 | D:9      | Found a runed translucent door.
  9936 | D:9      | Found a runed translucent door.
  9936 | D:9      | Noticed a deep elf pyromancer
  9936 | D:9      | Noticed a brown ugly thing
 10138 | D:9      | XOM: summons 6 hostile demons
 10342 | D:10     | Entered Level 10 of the Dungeon
 10370 | D:10     | Reached skill level 12 in Stealth
 10378 | D:10     | Noticed Snorg
 10393 | D:10     | XOM: enchant monster (good)
 10398 | D:10     | Mangled by Snorg

Illustrated notes

Levels and vault maps discovered:
D:1:      lightli_arrival_lavapool, layout_basic, fountainhead, nrook_campfire
D:2:      layout_loops_corners, serial_shops, shop, shop,
          nicolae_shop_waterfront
D:3:      layout_rooms, shapermc_ecumenical_altar_mp_ritualfount, uniq_ijyb
D:4:      layout_cave_pools, amcnicky_altar_gilded, uniq_eustachio,
          uniq_sigmund, uniq_grinder, uniq_blork_the_orc
D:5:      wander_guarded_unrand_ratskin, layout_loops_corners, temple_statues,
          mainiacjoe_sewer_entry_somewhere_in_here_2
D:6:      cheibrodos_two_vegetables, layout_basic, kennysheep_mini_moat
D:7:      layout_loops_ring, kennysheep_slug_shrine, serial_shops, shop,
          ebering_dispersal_statue_hall, hangedman_decor_diamond_cutter
D:8:      layout_basic, dreamdust_divine_triumvirate, minitemple,
          ebering_ghost_rock_garden, enter_bailey_2, minivault_10, uniq_maurice
D:9:      minmay_the_grid_triangle_9x9_rhombus_full
          [minmay_the_grid_triangle_9x9_sprig,
          minmay_the_grid_triangle_9x9_negative_grid,
          minmay_the_grid_triangle_9x9_cache,
          minmay_the_grid_triangle_9x9_fully_insulated_deathbox,
          minmay_the_grid_triangle_9x9_dagger,
          minmay_the_grid_triangle_9x9_skeleton,
          minmay_the_grid_triangle_9x9_warning,
          minmay_the_grid_triangle_9x9_prize_special], layout_irregular_city,
          mainiacjoe_overflow_tiny_flanked, orc_0_dummy, uniq_amaemon
D:10:     layout_small_grid, lair_entry_dummy, due_unseen_surprise, uniq_snorg

Skill      XL: |  1  2  3  4  5  6  7  8  9 10 11 |
---------------+----------------------------------+-----
Dodging        | 1 2 3 4 5 6 |  6.9
Armour         | 2 3 4 5 6 7 |  7.2
Fighting       | 4 5 6 7 8 9 |  9.0
Stealth        | 2 4 5 7 9 11 12 | 12.1
Evocations     | 2 4 6 |  6.8
Maces & Flails | |  3.0

Action                     |  1- 3 |  4- 6 |  7- 9 | 10-12 || total
---------------------------+-------+-------+-------+-------++-------
  Melee: Mace              |    70 |    41 |       |       ||   111
         Dagger            |       |    60 |   357 |   134 ||   551
         Punch             |       |     1 |     7 |     4 ||    12
         Short sword       |       |       |       |   125 ||   125
Ability: Spit Poison       |       |     3 |       |     1 ||     4
         Evoke Invisibilit |       |       |     2 |       ||     2
  Evoke: Wand              |       |       |     1 |     9 ||    10
    Use: Scroll            |     4 |     6 |     5 |     7 ||    22
         Potion            |       |     6 |     4 |     4 ||    14
   Stab: Sleeping          |       |     1 |    19 |     8 ||    28
         Invisible         |       |       |     2 |       ||     2
         Confused          |       |       |     1 |       ||     1
         Distracted        |       |       |       |     1 ||     1
 Armour: Leather armour    |    24 |       |       |       ||    24
         Scale mail        |    34 |   113 |   281 |   344 ||   772
  Dodge: Dodged            |    29 |    52 |   163 |   207 ||   451
